Cogmind - Beta 13 @@@ ROGUE MODE // 2024.06.14 @ 10:50:02 Player: anthonyiye Result: Destroyed by G-34 Mercenary with Small Laser Performance ------------- Evolutions (1) 500 Regions Visited (3) 600 Robots Destroyed (24) 120 Value Destroyed (443) 443 Prototype IDs (4) 80 Alien Tech Used (0) 0 Bonus (0) 0 TOTAL SCORE: 1743 Bonus ------- None Cogmind --------- Core Integrity 0/400 Matter 269/300 Energy 182/280 System Corruption 9% Temperature Cool (6) Movement Core (150) Ox2 Location -9/Materials Parts ------- > --- POWER (1) -------- Cooled Ion Engine > --- PROPULSION (2) --- (None) > --- UTILITY (4) ------ (None) > --- WEAPON (2) ------- (None) > --- INVENTORY (5) ---- Ion Engine Small Battery (100) Medium Matter Pod (100) Structural Scanner Sensor Array Peak State ------------ > --- POWER ------------ Cooled Ion Engine > --- PROPULSION ------- Light Treads Light Treads > --- UTILITY ---------- Huge Storage Unit Seismic Detector > --- WEAPON ----------- Assault Rifle Light Assault Rifle > --- INVENTORY -------- Ion Engine Ion Engine Light Nuclear Core Aluminum Leg Aluminum Leg Wheel Compact Wheel Heat Sink Improved Heat Sink Huge Storage Unit Small Battery Medium Matter Pod Structural Scanner Structural Scanner Sensor Array Sensor Array Signal Interpreter ECM Suite Light Armor Plating Light Armor Plating Medium Laser Light Cannon [Rating: 11] Favorites ----------- Power Ion Engine Engine Ion Engine Propulsion Light Treads Treads Light Treads Leg Aluminum Leg Wheel Wheel Utility Seismic Detector Device Seismic Detector Storage Huge Storage Unit Protection Light Armor Plating Weapon Light Assault Rifle Energy Gun Medium Laser Ballistic Gun Light Assault Rifle Ballistic Cannon Light Cannon Build | -11 -10 -10 -9 ------- Run | Yrd Mat Min Mat Slots Evolved 2 | . . . 2 Power . | . . . . Propulsion . | . . . . Utility 2 | . . . 2 Weapon . | . . . . Parts Attached 19 | 6 2 . 11 Power 3 | 1 . . 2 Engine 3 | 1 . . 2 Core . | . . . . Reactor . | . . . . Propulsion 7 | 2 . . 5 Treads 2 | 2 . . . Leg 3 | . . . 3 Wheel 2 | . . . 2 Hover . | . . . . Flight . | . . . . Utility 5 | 1 2 . 2 Device 1 | . 1 . . Storage 2 | 1 1 . . Processor . | . . . . Hackware . | . . . . Protection 2 | . . . 2 Artifact . | . . . . Weapon 4 | 2 . . 2 Energy Gun 1 | . . . 1 Energy Cannon . | . . . . Ballistic Gun 2 | 2 . . . Ballistic Cannon 1 | . . . 1 Launcher . | . . . . Special Weapon . | . . . . Impact Weapon . | . . . . Slashing Weapon . | . . . . Piercing Weapon . | . . . . Special Melee Weapon . | . . . . Unidentified Prototypes 1 | . . . 1 Parts Lost 13 | . . . 13 Power 1 | . . . 1 Propulsion 5 | . . . 5 Utility 3 | . . . 3 Weapon 4 | . . . 4 Highest Loss Streak 7 | . . . 7 To Critical Strikes 1 | . . . 1 Average Slot Usage (%) 92 | . 99 100 57 Engine 12 | . 14 14 4 Treads 24 | . 28 28 6 Wheel 1 | . . . 6 Device 13 | . 13 14 9 Storage 13 | . 14 14 10 Ballistic Gun 23 | . 28 28 6 Naked Turns 6 | . . . 6 Heaviest Build 92 | 13 89 89 92 Greatest Support 40 | 40 40 40 40 Greatest Overweight (x) 8 | 3 2 2 8 Average Overweight (x) 2 | . 1 2 4 Largest Inventory Capacity 25 | 8 25 25 25 Average Capacity 23 | 7 23 25 24 Most Carried 22 | 6 21 21 22 Average Carried 15 | 4 15 21 18 Final Capacity 25 | 8 25 25 5 Final Carried 21 | 6 21 21 5 Class Distribution -------------------- 100% | Mutant Dominant Class ---------------- Mutant | -10/Materials Mutant | -10/Mines Mutant | -9/Materials Resources | -11 -10 -10 -9 ----------- Run | Yrd Mat Min Mat Matter Collected 705 | 250 330 16 109 Remotely . | . . . . Salvage Created 533 | . 404 . 129 Parts 45 | . 35 . 10 Haulers Intercepted . | . . . . Recyclers Shooed 1 | . . . 1 Parts Field Recycled . | . . . . Retrieved Matter . | . . . . Parts Self-Destructed . | . . . . Prevented . | . . . . Kills | -11 -10 -10 -9 ------- Run | Yrd Mat Min Mat Combat Hostiles Destroyed 20 | . 12 . 8 Guns 19 | . 12 . 7 Cannons 1 | . . . 1 Classes Destroyed 4 | . 4 . . Builder 2 | . 2 . . Watcher 2 | . 2 . . Swarmer 13 | . 6 . 7 Grunt 7 | . 6 . 1 Best Kill Streak 4 | . 3 . 4 Combat Bots Only 4 | . 3 . 4 Max Kills in Single Turn 1 | . 1 . 1 Gunslinging . | . . . . Exploded . | . . . . Melee . | . . . . Uniques/NPCs Destroyed . | . . . . Combat | -11 -10 -10 -9 -------- Run | Yrd Mat Min Mat Hostile Shots Fired 207 | . 66 7 134 Missed 40 | . 14 2 24 Damage Taken 1860 | . 524 62 1274 Core 553 | . 131 21 401 Absorbed by Shields . | . . . . Core Remaining (%) 69 | 100 . 39 . Volleys Fired 94 | . 54 . 40 Largest 2 | . 2 . 2 Hottest 85 | . 40 . 85 Shots Fired 168 | . 108 . 60 Gun 152 | . 108 . 44 Cannon 16 | . . . 16 Launcher . | . . . . Special . | . . . . Kinetic 146 | . 108 . 38 Thermal 22 | . . . 22 Explosive . | . . . . Electromagnetic . | . . . . Robot Hit Streak 7 | . 7 . 7 Robot Miss Streak 5 | . 4 . 5 Penetration Max . | . . . . Secondary Targets 4 | . 2 . 2 Max Gunslinging Chain 1 | . 1 . 1 Shots Hit Robots 98 | . 62 . 36 Core Hits 37 | . 26 . 11 Critical Kills . | . . . . Critical Parts Destroyed . | . . . . Critical Strikes . | . . . . Melee Attacks . | . . . . Impact . | . . . . Slashing . | . . . . Piercing . | . . . . Sneak Attacks . | . . . . Combat Hostiles . | . . . . Follow-up Attacks . | . . . . Damage Inflicted 1143 | . 651 . 492 Guns 944 | . 651 . 293 Cannons 188 | . . . 188 Explosions . | . . . . Melee . | . . . . Ramming 11 | . . . 11 Kinetic 943 | . 651 . 292 Thermal 189 | . . . 189 Explosive . | . . . . Electromagnetic . | . . . . Impact . | . . . . Slashing . | . . . . Piercing . | . . . . Highest Corruption 9 | . . . 9 Average Corruption 8 | . . . 8 Corruption Purged . | . . . . Corruption Blocked . | . . . . Effects 8 | . . . 8 Message Errors 3 | . . . 3 Energy Discharges 2 | . . . 2 Misfires 2 | . . . 2 Weapon Failures 1 | . . . 1 Overload Shots . | . . . . Overflow Damage . | . . . . Projectiles . | . . . . Explosions . | . . . . Melee . | . . . . Knockbacks . | . . . . Impact . | . . . . Kinetic . | . . . . Secondary . | . . . . Self-Inflicted Damage . | . . . . Shots . | . . . . Rammed 1 | . . . 1 Targets Rammed 4 | . . . 4 Kicked 3 | . . . 3 Crushed . | . . . . Highest Temperature 41 | . 19 . 41 Average Temperature 14 | . 7 . 18 Received Heat Transfer 579 | . 180 33 366 Siege Activations . | . . . . Robots Corrupted . | . . . . Combat Hostiles . | . . . . Parts Fried . | . . . . Impact Corruptions . | . . . . Robots Melted . | . . . . Combat Hostiles . | . . . . Parts Melted . | . . . . Heat Transferred 555 | . . . 555 Parts Sabotaged . | . . . . Parts Stolen . | . . . . Parts Stripped . | . . . . Power Chain Reactions . | . . . . Alert | -11 -10 -10 -9 ------- Run | Yrd Mat Min Mat Peak Influence 172 | . 165 33 172 Initial 33 | . . 33 12 Average 62 | . 55 33 113 Maximum Alert Level . | . . . . Low Security (%) 100 | 100 100 100 100 Level 1 . | . . . . Level 2 . | . . . . Level 3 . | . . . . Level 4 . | . . . . Level 5 . | . . . . High Security . | . . . . Max Security . | . . . . Squads Dispatched 2 | . 1 . 1 Investigation 1 | . . . 1 Extermination . | . . . . Reinforcement 1 | . 1 . . Assault . | . . . . Garrison . | . . . . Intercept . | . . . . Searches Triggered . | . . . . Construction Impeded . | . . . . Haulers Reinforced . | . . . . Active Scanning Responses . | . . . . Cargo Convoy Interrupts . | . . . . Stealth | -11 -10 -10 -9 --------- Run | Yrd Mat Min Mat Distress Signals 1 | . . . 1 Communications Jammed . | . . . . Distress Signals . | . . . . Times Spotted 32 | . 16 2 14 Peak Tracking Total 6 | . 3 2 6 Tactical Retreats . | . . . . Traps | -11 -10 -10 -9 ------- Run | Yrd Mat Min Mat Traps Triggered 1 | . . . 1 Indirectly . | . . . . Trap Hack Attempts . | . . . . Triggered . | . . . . Disarmed . | . . . . Reprogrammed . | . . . . Reused . | . . . . Traps Extracted . | . . . . Installed . | . . . . Triggered . | . . . . Machines | -11 -10 -10 -9 ---------- Run | Yrd Mat Min Mat Machines Disabled 2 | . . . 2 Max in Single Turn 1 | . . . 1 Machines Repaired . | . . . . Machines Dismantled . | . . . . Machines Sabotaged . | . . . . Overloaded Fab Kills . | . . . . Hacking | -11 -10 -10 -9 --------- Run | Yrd Mat Min Mat Machines Accessed 4 | . 2 . 2 Terminals 4 | . 2 . 2 Fabricators . | . . . . Repair Stations . | . . . . Recycling Units . | . . . . Scanalyzers . | . . . . Garrison Access . | . . . . Total Hacks 8 | . 5 . 3 Successful 2 | . 2 . . Failed 6 | . 3 . 3 Catastrophic 4 | . 2 . 2 Database Lockouts . | . . . . Manual 5 | . 2 . 3 Terminals 8 | . 5 . 3 Fabricators . | . . . . Repair Stations . | . . . . Recycling Units . | . . . . Scanalyzers . | . . . . Garrison Access . | . . . . Terminal Hacks 2 | . 2 . . Prototype ID Bank 1 | . 1 . . Zone Layout 1 | . 1 . . Fabricator Hacks . | . . . . Repair Station Hacks . | . . . . Recycling Unit Hacks . | . . . . Scanalyzer . | . . . . Garrison Access Hacks . | . . . . Unauthorized Hacks . | . . . . Terminals . | . . . . Fabricators . | . . . . Repair Stations . | . . . . Recycling Units . | . . . . Scanalyzers . | . . . . Garrison Access . | . . . . Data Cores Recovered . | . . . . Used . | . . . . Hacking Detections 4 | . 2 . 2 Full Trace Events . | . . . . Feedback Events . | . . . . Feedback Blocked . | . . . . Robot Schematics Acquired . | . . . . Robots Built . | . . . . Authchips . | . . . . Time . | . . . . Total Robot Build Rating . | . . . . Part Schematics Acquired . | . . . . Parts Built . | . . . . Authchips . | . . . . Time . | . . . . Total Part Build Rating . | . . . . Parts Repaired . | . . . . Time . | . . . . Parts Recycled . | . . . . Recycled Matter . | . . . . Retrieved Matter . | . . . . Retrieved Components . | . . . . Parts Scanalyzed . | . . . . Part Schematics Acquired . | . . . . Parts Damaged . | . . . . Bothacking | -11 -10 -10 -9 ------------ Run | Yrd Mat Min Mat Used RIF Installer . | . . . . Robots Hacked . | . . . . Non-combat . | . . . . Combat . | . . . . Robot Hacks Applied . | . . . . Relay Couplers Released . | . . . . Fabnet Peak Effective % . | . . . . Robots Rewired . | . . . . Allies Hacked . | . . . . Hacks Repelled . | . . . . Allies | -11 -10 -10 -9 -------- Run | Yrd Mat Min Mat Total Allies . | . . . . Largest Group . | . . . . Highest-Rated Group . | . . . . Highest-Rated Ally . | . . . . Total Orders . | . . . . Ally Attacks . | . . . . Total Damage . | . . . . Kills . | . . . . Allies Corrupted . | . . . . Allies Melted . | . . . . Intel | -11 -10 -10 -9 ------- Run | Yrd Mat Min Mat Robot Analysis Total . | . . . . Derelict Logs Recovered . | . . . . Drone Launches . | . . . . Drone Recoveries . | . . . . Exploration | -11 -10 -10 -9 ------------- Run | Yrd Mat Min Mat Turns Passed 2044 | 80 1551 55 358 Spaces Moved 642 | 42 463 18 119 Core 32 | 14 . . 18 Treads 530 | 28 463 18 21 Legs 1 | . . . 1 Wheels 79 | . . . 79 Hover . | . . . . Flight . | . . . . Fastest Speed 50 | 50 160 320 50 Average Speed 268 | 156 296 320 192 Slowest Speed 610 | 200 320 320 610 Overloaded Moves . | . . . . Propulsion Burnouts . | . . . . Robots Hopped . | . . . . Cave-ins Triggered . | . . . . Exploration Rate (%) 26 | 3 73 15 15 Regions Visited 3 Branch Regions 1 Pre-discovered Areas . | . . . . Known Exits Taken . | . . . . Unknown Exits Taken 3 | 1 1 1 . Scrap Searched 1 | . . 1 . Spaces Dug . | . . . . Terrain Destroyed . | . . . . Melee . | . . . . Projectile . | . . . . AOE . | . . . . Terrain Rammed . | . . . . Walls Destroyed . | . . . . Machines Disabled . | . . . . Actions | -11 -10 -10 -9 --------- Run | Yrd Mat Min Mat Total 796 | 53 545 17 181 Wait 14 | . 11 . 3 Move 639 | 41 462 17 119 Hop . | . . . . Pick Up 23 | 6 15 . 2 Fast Attach 9 | 6 1 . 2 Attach 9 | . . . 9 Detach 2 | . . . 2 Swap 1 | . 1 . . Drop 1 | . 1 . . Fire 94 | . 54 . 40 Melee . | . . . . Ram . | . . . . Kick 3 | . . . 3 Crush 1 | . . . 1 Escape Stasis . | . . . . Rewire . | . . . . Trap . | . . . . Miscellaneous . | . . . . Route ------- -11/Scrapyard -10/Materials (discovered 2 exits: [*Min x2]) -10/Mines -9/Materials History --------- Turn | Location | Event 17 | -11/Scrapyard | Discovered new exit (range 15) 81 | -11/Scrapyard | Entered Materials 181 | -10/Materials | Discovered new exit (range 20) 309 | -10/Materials | Build established: Mutant 1342 | -10/Materials | Core integrity fell below 50% 1577 | -10/Materials | Discovered new exit (range 9) 1632 | -10/Materials | Entered Mines 1655 | -10/Mines | Discovered new exit (range 10) 1687 | -10/Mines | Entered Materials 1687 | -9/Materials | Evolved 2 slots: Utility x2 1888 | -9/Materials | Lost 7 parts (1p3n3w) 1899 | -9/Materials | Core integrity fell below 50% 1997 | -9/Materials | Core integrity fell below 20% 2030 | -9/Materials | Released all parts (2) 2045 | -9/Materials | Destroyed by G-34 Mercenary with Small Laser Last Messages --------------- 01972_ Atomic Centrifuge disabled. 01981_ Seismic Detector destroyed. 01984_ Lgt. Cannon destroyed. 01989_ Acquired 4 matter. 01996_ Lgt. Armor Plating destroyed. 02003_ U-05 Engineer lays Concrete. 02005_ OTDHJRX&OUT4REZF H7VU 02011_ R-06 Scavenger inserts Hover Unit into recycling unit. 02014_ R-06 Scavenger inserts Signal Interpreter into recycling unit. 02021_ Wheel destroyed. 02023_ Lgt. Armor Plating destroyed. 02030_ Connecting with Terminal... 02030_ Released Huge Storage Unit. 02030_ Released Aluminum Leg. 02036_ Acquired Cld. Ion Engine. 02037_ System corrupted: Energy discharge (-18). 02044_ R-06 Scavenger collects Hcp. Matter Pod. 02045_ R-06 Scavenger collects ECM Suite. Map ----- +----------------------------------------------------+ | ?????????????????????????????????????????????????? | | ?????????????????????????????????????????????????? | | ?????????????????????????????????????????????????? | | ?????????????????????????????????????????????????? | | ?????????????????????????????????????????????????? | | ?????????????????????????????????????????????????? | | ?????????????????????????????????????????????????? | | ?????????????????????????????????????????????????? | | ?????????????????????????????????????????????????? | | ?????????????????????????????????????????????????? | | ?????????????????????????????????????????????????? | | ?????????????????????????????????????????????????? | | ?????????????????????????????????????????????????? | | ?????????????????????????????????????????????????? | | ?????????????????????????????????????????????????? | | ?????????????????????????????????????????????????? | | ?????????????????????????????????????????????????? | | ?????????????????????????????????????????????????? | | ?????????????????????????????????????????????????? | | ?????????????????????????????????????????????????? | | ?????????????????????????????????????????????????? | | ????????????????????########?????????????????????? | | ????????????????????# #?????????????????????? | | ?????????????????# #?????????????????????? | | ????????+????????# """ #?????????????????????? | | ????????? ???????# """@ #?????? ??????????????? | | ????????+ ??????# """ #???? ?????????????? | | ????????# ?????# g[#??? ##???????????? | | ????????# #########g##### #???????????? | | ????????# #???????????? | | #????????# [ #???????????? | | #????????# #???????????? | | #????????####### "! #???????????? | | #??????????????# T*!r ##########???????????? | | ################ "!! #????????????????????? | | r * #????????????????????? | | ! #????????????????????? | | ####+###+#????????????????????? | | ! ####?????????????????????????????? | | *!! #????????????????????????????????? | | !! """ #????????????????????????????????? | | """ #????????????????????????????????? | | """ #????????????????????????????????? | | """ ##/####?????????????????????????????? | | # #?????????????????????????????? | | # "" #?????????????????????????????? | | """ # "T" #?????????????????????????????? | | """ ""# #?????????????????????????????? | | """ Y"# #?????????????????????????????? | | "" ""# %#?????????????????????????????? | +----------------------------------------------------+ Best States ------------- Heat Dissipation 28 Energy Generation 14 Energy Capacity 280 Matter Stores 300 Matter Capacity 300 Sight Range 16 Terrain Scan Density 10 Armor Coverage 300 Evasion (%) 40 Recoil Reduction 2 Item Schematics ----------------- None Robot Schematics ------------------ None Fabricated ------------ Nothing Alien Tech Used ----------------- None Achievements -------------- None Challenges ------------ None Game ------ Seed SmartbombAntimatterTube Manual? 0 Play Time 00:14:40 Cumulative 32.4 hours Start 2024.06.01 @ 04:47:26 End 2024.06.14 @ 10:50:02 Sessions 4 Manual Loads 0 Difficulty Rogue Special Mode None Game No. 25 Rogue 25 Adventurer 0 Explorer 0 Win Type - Total 1 Types 1/0/0/0/0/0/0/0/0 Lore% 27 Gallery% 29 Achievement% 30 Wizard Run 0 Options --------- Layout 1 ASCII 0 Keyboard 1 Movement Arrows Keybinds 0 Fullscreen 1 Font 32/SmallcapsGlow Map View 50x35 Zoom Use 0% Tactical HUD 1 Map Filters NONE Filters NONE Steam 0 RUN: 9415dfc3-21b2-4b07-a46c-a866d70eab56